| TOP OF THE 1ST |
|
Philadelphia (APP) Phillies batting - Pitching for Johnson City Cardinals : LHP David Salas
|
|
Pitching: LHP David Salas
|
|
|
Batting: LHB Jonathan Roman
|
0-0: Called Strike 0-1: Ball 1-1: Foul Ball, location: 2F 1-2: Strikes out looking
|
|
Batting: RHB Dave Gallegos
|
0-0: Called Strike 0-1: SINGLE (Line Drive, 6D, EV 94.4 MPH)
|
|
Batting: LHB Rich Kuehne
|
0-0: Ball 1-0: Fielders Choice at 2nd, 6-4 (Groundball, 6, EV 102.5 MPH)
|
|
Batting: SHB Brett St. Clair
|
0-0: Ball 1-0: Fielders Choice at 2nd, 6-4 (Groundball, 6, EV 86.9 MPH)
|
| Top of the 1st over - 0 runs, 1 hit, 0 errors, 1 left on base; Philadelphia (APP) 0 - Johnson City 0 |
| BOTTOM OF THE 1ST |
|
Johnson City Cardinals batting - Pitching for Philadelphia (APP) Phillies : RHP Travis Hahn
|
|
Pitching: RHP Travis Hahn
|
|
|
Batting: RHB Juan Carrillo
|
0-0: Fly out, F8 (Flyball, 8LD, EV 85.0 MPH)
|
|
Batting: RHB Johnny Lowe
|
0-0: Called Strike 0-1: Ball 1-1: Ball 2-1: Foul Ball, location: 2F 2-2: Ball 3-2: Base on Balls
|
|
Batting: RHB McGwire Jones
|
0-0: Foul Ball, location: 2F 0-1: Ball 1-1: Ball 2-1: Foul Ball, location: 2F 2-2: Foul Ball, location: 2F 2-2: Foul Ball, location: 2F 2-2: SINGLE (Groundball, 3D, EV 101.9 MPH) Johnny Lowe to second Runner from 2nd tries for 3rd, SAFE, throw by RF made to third
|
|
Batting: RHB Adam Hudson
|
0-0: Called Strike 0-1: Ball 1-1: Ball 2-1: Foul Ball, location: 2F 2-2: Ball 3-2: Foul Ball, location: 2F 3-2: Base on Balls McGwire Jones to second
|
|
Batting: LHB Mike East
|
0-0: Foul Ball, location: 2F 0-1: Foul Ball, location: 2F 0-2: Strikes out swinging
|
|
Batting: SHB Bobby Mercado
|
0-0: Ball 1-0: Ball 2-0: Ground out 4-3 (Groundball, 4, EV 95.6 MPH)
|
| Bottom of the 1st over - 0 runs, 1 hit, 0 errors, 3 left on base; Philadelphia (APP) 0 - Johnson City 0 |
| TOP OF THE 2ND |
|
Philadelphia (APP) Phillies batting - Pitching for Johnson City Cardinals : LHP David Salas
|
|
Batting: RHB Joel Gomez
|
0-0: Swinging Strike 0-1: Ground out U3 (Groundball, 34, EV 78.8 MPH)
|
|
Batting: RHB Juan Valadez
|
0-0: Ball 1-0: Ball 2-0: Called Strike 2-1: Foul Ball, location: 2F 2-2: Strikes out swinging
|
|
Batting: RHB Simon Mergeni
|
0-0: Called Strike 0-1: Ball 1-1: Ball 2-1: Ball 3-1: Ground out 4-3 (Groundball, 4, EV 80.0 MPH)
|
| Top of the 2nd over - 0 runs, 0 hits, 0 errors, 0 left on base; Philadelphia (APP) 0 - Johnson City 0 |
| BOTTOM OF THE 2ND |
|
Johnson City Cardinals batting - Pitching for Philadelphia (APP) Phillies : RHP Travis Hahn
|
|
Batting: RHB Jonathan Winkler
|
0-0: Ball 1-0: Called Strike 1-1: Ground out 1-3 (Groundball, 15S, EV 66.2 MPH)
|
|
Batting: RHB Geoff Musico
|
0-0: Called Strike 0-1: Foul Ball, location: 2F 0-2: Ball 1-2: Ball 2-2: Ground out 6-3 (Groundball, 6, EV 103.1 MPH)
|
|
Batting: RHB Edgar Klockow
|
0-0: Ball 1-0: Ball 2-0: Called Strike 2-1: Ball 3-1: Swinging Strike 3-2: Strikes out swinging
|
| Bottom of the 2nd over - 0 runs, 0 hits, 0 errors, 0 left on base; Philadelphia (APP) 0 - Johnson City 0 |
| TOP OF THE 3RD |
|
Philadelphia (APP) Phillies batting - Pitching for Johnson City Cardinals : LHP David Salas
|
|
Batting: RHB Rafael Soto
|
0-0: Swinging Strike 0-1: Swinging Strike 0-2: Foul Ball, location: 2F 0-2: Foul Ball, location: 2F 0-2: Ball 1-2: DOUBLE (Flyball, 89XD, EV 93.1 MPH)
|
|
Batting: LHB Travis Hahn
|
0-0: Ball 1-0: Ball 2-0: Foul Ball, location: 2F 2-1: Foul Ball, location: 2F 2-2: Foul Ball, location: 2F 2-2: Ground out 4-3 (Groundball, 4, EV 86.2 MPH) Rafael Soto to third
|
|
Batting: LHB Jonathan Roman
|
0-0: Ball 1-0: Called Strike 1-1: Ground out 6-3 (Groundball, 6M, EV 84.4 MPH) Rafael Soto scores
|
|
Batting: RHB Dave Gallegos
|
0-0: Ball 1-0: SINGLE (Line Drive, 89S, EV 106.9 MPH)
|
|
Batting: LHB Rich Kuehne
|
0-0: Ball 1-0: Ball 2-0: Ball 3-0: Called Strike 3-1: Base on Balls Dave Gallegos to second
|
|
Batting: SHB Brett St. Clair
|
0-0: Foul Ball, location: 2F 0-1: Foul Ball, location: 2F 0-2: Foul Ball, location: 2F 0-2: Strikes out looking
|
| Top of the 3rd over - 1 run, 2 hits, 0 errors, 2 left on base; Philadelphia (APP) 1 - Johnson City 0 |
| BOTTOM OF THE 3RD |
|
Johnson City Cardinals batting - Pitching for Philadelphia (APP) Phillies : RHP Travis Hahn
|
|
Batting: RHB Juan Carrillo
|
0-0: Foul Ball, location: 2F 0-1: Bunt missed! 0-2: Ball 1-2: Ball 2-2: Strikes out swinging, 2-3 out at first.
|
|
Batting: RHB Johnny Lowe
|
0-0: Ball 1-0: Called Strike 1-1: SINGLE (Line Drive, 89S, EV 96.2 MPH)
|
|
Batting: RHB McGwire Jones
|
0-0: Foul Ball, location: 2F 0-1: Ball 1-1: Ball Wild Pitch! Johnny Lowe to second 2-1: Foul Ball, location: 2F 2-2: Ball 3-2: Base on Balls
|
|
Batting: RHB Adam Hudson
|
0-0: Foul Ball, location: 2F 0-1: Ball 1-1: Foul Ball, location: 2F 1-2: Foul Ball, location: 2F 1-2: Strikes out swinging
|
|
Batting: LHB Mike East
|
0-0: SINGLE (Groundball, 3D, EV 95.0 MPH) Johnny Lowe to third McGwire Jones to second Runner from 3rd tries for Home, SAFE, throw by RF to home
|
|
Batting: SHB Bobby Mercado
|
0-0: Ball 1-0: Ball 2-0: Fly out, F8 (Flyball, 8RM, EV 76.9 MPH)
|
| Bottom of the 3rd over - 1 run, 2 hits, 0 errors, 2 left on base; Philadelphia (APP) 1 - Johnson City 1 |
| TOP OF THE 4TH |
|
Philadelphia (APP) Phillies batting - Pitching for Johnson City Cardinals : LHP David Salas
|
|
Batting: RHB Joel Gomez
|
0-0: Called Strike 0-1: Swinging Strike 0-2: Ball 1-2: Ball 2-2: Foul Ball, location: 2F 2-2: Strikes out swinging
|
|
Batting: RHB Juan Valadez
|
0-0: Ball 1-0: Foul Ball, location: 2F 1-1: Swinging Strike 1-2: Ball 2-2: Strikes out looking
|
|
Batting: RHB Simon Mergeni
|
0-0: Ball 1-0: Called Strike 1-1: Called Strike 1-2: Strikes out swinging
|
| Top of the 4th over - 0 runs, 0 hits, 0 errors, 0 left on base; Philadelphia (APP) 1 - Johnson City 1 |
| BOTTOM OF THE 4TH |
|
Johnson City Cardinals batting - Pitching for Philadelphia (APP) Phillies : RHP Travis Hahn
|
|
Batting: RHB Jonathan Winkler
|
0-0: Called Strike 0-1: Called Strike 0-2: Ground out 3-1 (Groundball, 13, EV 92.5 MPH)
|
|
Batting: RHB Geoff Musico
|
0-0: Ball 1-0: Swinging Strike 1-1: Ball 2-1: Ball 3-1: Called Strike 3-2: Foul Ball, location: 2F 3-2: Fly out, F8 (Flyball, 89M, EV 95.6 MPH)
|
|
Batting: RHB Edgar Klockow
|
0-0: Foul Ball, location: 2F 0-1: Ball 1-1: Called Strike 1-2: Fly out, F8 (Flyball, 8LXD, EV 94.4 MPH)
|
| Bottom of the 4th over - 0 runs, 0 hits, 0 errors, 0 left on base; Philadelphia (APP) 1 - Johnson City 1 |
| TOP OF THE 5TH |
|
Philadelphia (APP) Phillies batting - Pitching for Johnson City Cardinals : LHP David Salas
|
|
Batting: RHB Rafael Soto
|
0-0: Ball 1-0: Ball 2-0: Ball 3-0: Called Strike 3-1: Base on Balls
|
|
Batting: LHB Travis Hahn
|
0-0: Ball 1-0: Foul Ball, location: 2F 1-1: Ball Wild Pitch! Rafael Soto to second 2-1: Foul Ball, location: 2F 2-2: Strikes out looking
|
|
Batting: LHB Jonathan Roman
|
0-0: Ball 1-0: Ball 2-0: SINGLE (Groundball, 4D, EV 105.6 MPH) Rafael Soto to third Runner from 3rd tries for Home, SAFE, throw by CF to home
|
|
Batting: RHB Dave Gallegos
|
0-0: Ball 1-0: Swinging Strike 1-1: Ball 2-1: Swinging Strike 2-2: Strikes out swinging
|
|
Batting: LHB Rich Kuehne
|
0-0: Swinging Strike 0-1: Swinging Strike 0-2: Ball 1-2: Foul Ball, location: 2F 1-2: Strikes out looking
|
| Top of the 5th over - 1 run, 1 hit, 0 errors, 1 left on base; Philadelphia (APP) 2 - Johnson City 1 |
| BOTTOM OF THE 5TH |
|
Johnson City Cardinals batting - Pitching for Philadelphia (APP) Phillies : RHP Travis Hahn
|
|
Batting: RHB Juan Carrillo
|
0-0: Called Strike 0-1: Hit by Pitch
|
|
Batting: RHB Johnny Lowe
|
0-0: Ball Juan Carrillo steals 2nd, throwing error, E2 Juan Carrillo to third 1-0: Fly out, F3 (Popup, 3SF, EV 84.4 MPH)
|
|
Batting: RHB McGwire Jones
|
0-0: Called Strike 0-1: Ball 1-1: Swinging Strike 1-2: Strikes out swinging
|
|
Batting: RHB Adam Hudson
|
0-0: Ball 1-0: Called Strike 1-1: Foul Ball, location: 2F 1-2: Foul Ball, location: 2F 1-2: Ball 2-2: DOUBLE (Groundball, 5L, EV 106.9 MPH) Juan Carrillo scores
|
|
Batting: LHB Mike East
|
0-0: Foul Ball, location: 2F 0-1: Ball 1-1: Foul Ball, location: 2F 1-2: Ball 2-2: SINGLE (Groundball, 4S, EV 65.0 MPH) (infield hit) Adam Hudson to third
|
|
Batting: SHB Bobby Mercado
|
0-0: Ball 1-0: Ball 2-0: Ball 3-0: Base on Balls Mike East to second
|
|
Batting: RHB Jonathan Winkler
|
0-0: Ball 1-0: Ball 2-0: Foul Ball, location: 2F 2-1: Foul Ball, location: 2F 2-2: Strikes out looking
|
| Bottom of the 5th over - 1 run, 2 hits, 1 error, 3 left on base; Philadelphia (APP) 2 - Johnson City 2 |
| TOP OF THE 6TH |
|
Philadelphia (APP) Phillies batting - Pitching for Johnson City Cardinals : LHP David Salas
|
|
Batting: SHB Brett St. Clair
|
0-0: Ball 1-0: Called Strike 1-1: Swinging Strike 1-2: Strikes out looking
|
|
Batting: RHB Joel Gomez
|
0-0: Fly out, F9 (Flyball, 9LS, EV 81.9 MPH)
|
|
Batting: RHB Juan Valadez
|
0-0: Ball 1-0: Ball 2-0: Ball 3-0: Base on Balls
|
|
Batting: RHB Simon Mergeni
|
0-0: Foul Ball, location: 2F 0-1: Ball 1-1: Ball 2-1: Fly out, F4 (Popup, 4, EV 58.8 MPH)
|
| Top of the 6th over - 0 runs, 0 hits, 0 errors, 1 left on base; Philadelphia (APP) 2 - Johnson City 2 |
| BOTTOM OF THE 6TH |
|
Johnson City Cardinals batting - Pitching for Philadelphia (APP) Phillies : RHP Travis Hahn
|
|
Pitching: LHP Ray Paul
|
|
|
Batting: RHB Geoff Musico
|
0-0: Ball 1-0: Foul Ball, location: 2F 1-1: Foul Ball, location: 2F 1-2: SOLO HOME RUN (Flyball, 78XD, EV 103.1 MPH), Distance : 411 ft
|
|
Batting: RHB Edgar Klockow
|
0-0: Called Strike 0-1: Foul Ball, location: 2F 0-2: Ball 1-2: Strikes out looking
|
|
Batting: RHB Juan Carrillo
|
0-0: Called Strike 0-1: SOLO HOME RUN (Flyball, 7D, EV 98.1 MPH), Distance : 373 ft
|
|
Batting: RHB Johnny Lowe
|
0-0: Called Strike 0-1: Called Strike 0-2: Ball 1-2: Ball 2-2: Foul Ball, location: 2F 2-2: Ball 3-2: Fly out, F7 (Flyball, 7LS, EV 84.4 MPH)
|
|
Batting: RHB McGwire Jones
|
0-0: Ball 1-0: Fly out, F7 (Line Drive, 7, EV 93.8 MPH)
|
| Bottom of the 6th over - 2 runs, 2 hits, 0 errors, 0 left on base; Philadelphia (APP) 2 - Johnson City 4 |
| TOP OF THE 7TH |
|
Philadelphia (APP) Phillies batting - Pitching for Johnson City Cardinals : LHP David Salas
|
|
Batting: RHB Rafael Soto
|
0-0: Foul Ball, location: 2F 0-1: Called Strike 0-2: Ball 1-2: Ball 2-2: Foul Ball, location: 2F 2-2: Foul Ball, location: 2F 2-2: Foul Ball, location: 2F 2-2: Foul Ball, location: 2F 2-2: Strikes out swinging
|
|
Batting: LHB Travis Hahn
|
0-0: Called Strike 0-1: Ball 1-1: Foul Ball, location: 2F 1-2: Ball 2-2: Foul Ball, location: 2F 2-2: Foul Ball, location: 2F 2-2: Ball 3-2: Fly out, F7 (Line Drive, 7, EV 95.0 MPH)
|
|
Batting: LHB Jonathan Roman
|
0-0: Ground out 4-3 (Groundball, 4, EV 101.9 MPH)
|
| Top of the 7th over - 0 runs, 0 hits, 0 errors, 0 left on base; Philadelphia (APP) 2 - Johnson City 4 |
| BOTTOM OF THE 7TH |
|
Johnson City Cardinals batting - Pitching for Philadelphia (APP) Phillies : LHP Ray Paul
|
|
Batting: RHB Adam Hudson
|
0-0: Called Strike 0-1: Foul Ball, location: 2F 0-2: Strikes out swinging
|
|
Batting: LHB Mike East
|
0-0: Called Strike 0-1: Ball 1-1: Foul Ball, location: 2F 1-2: Ground out U3 (Groundball, 34, EV 91.9 MPH)
|
|
Batting: SHB Bobby Mercado
|
0-0: Called Strike 0-1: Ball 1-1: Ball 2-1: Foul Ball, location: 2F 2-2: Foul Ball, location: 2F 2-2: Strikes out swinging
|
| Bottom of the 7th over - 0 runs, 0 hits, 0 errors, 0 left on base; Philadelphia (APP) 2 - Johnson City 4 |
| TOP OF THE 8TH |
|
Philadelphia (APP) Phillies batting - Pitching for Johnson City Cardinals : LHP David Salas
|
|
Pitching: RHP Steve Langlois
|
|
|
Batting: RHB Dave Gallegos
|
0-0: Ball 1-0: SINGLE (Groundball, 6MD, EV 94.4 MPH)
|
|
Batting: LHB Rich Kuehne
|
0-0: Ball 1-0: Ball 2-0: Called Strike 2-1: Called Strike 2-2: Foul Ball, location: 2F 2-2: Ball 3-2: Fielders Choice at 2nd, 4-6 (Groundball, 34, EV 76.9 MPH)
|
|
Batting: SHB Brett St. Clair
|
0-0: Foul Ball, location: 2F Pickoff Throw to First - Error! E1 Rich Kuehne to second 0-1: Called Strike 0-2: Ball 1-2: Strikes out swinging
|
|
Batting: RHB Joel Gomez
|
0-0: Ball 1-0: Called Strike 1-1: Ball 2-1: Called Strike 2-2: Strikes out looking
|
| Top of the 8th over - 0 runs, 1 hit, 1 error, 1 left on base; Philadelphia (APP) 2 - Johnson City 4 |
| BOTTOM OF THE 8TH |
|
Johnson City Cardinals batting - Pitching for Philadelphia (APP) Phillies : LHP Ray Paul
|
|
Pitching: RHP Bobby Acevedo
|
|
|
Batting: RHB Jonathan Winkler
|
0-0: Ball 1-0: Called Strike 1-1: Called Strike 1-2: Ball 2-2: Ball 3-2: Ground out 6-3 (Groundball, 6, EV 96.9 MPH)
|
|
Batting: RHB Geoff Musico
|
0-0: Swinging Strike 0-1: Swinging Strike 0-2: Strikes out looking
|
|
Batting: RHB Edgar Klockow
|
0-0: Ground out 6-3 (Groundball, 6, EV 101.9 MPH)
|
| Bottom of the 8th over - 0 runs, 0 hits, 0 errors, 0 left on base; Philadelphia (APP) 2 - Johnson City 4 |
| TOP OF THE 9TH |
|
Philadelphia (APP) Phillies batting - Pitching for Johnson City Cardinals : RHP Steve Langlois
|
|
Pitching: RHP Emmanuel Godfrey
|
|
|
Batting: RHB Juan Valadez
|
0-0: Fly out, F7 (Flyball, 7D, EV 104.4 MPH)
|
|
Batting: RHB Simon Mergeni
|
0-0: Ball 1-0: Ball 2-0: Called Strike 2-1: Called Strike 2-2: Strikes out swinging
|
|
Batting: RHB Rafael Soto
|
0-0: Ball 1-0: Called Strike 1-1: Ground out 6-3 (Groundball, 6, EV 90.0 MPH)
|
| Top of the 9th over - 0 runs, 0 hits, 0 errors, 0 left on base; Philadelphia (APP) 2 - Johnson City 4 |
|